 Dungeon Crawl Stone Soup version 0.29.0-4-gdea44cf6ec (webtiles) character file.

Game seed: 12441506374705051640

36 experimilk the Firebug (level 3, 0/26 HPs)
             Began as a Draconian Fire Elementalist on Aug 27, 2022.
             Slain by an adder (1 damage)
             ... on level 1 of the Dungeon.
             The game lasted 00:05:08 (1237 turns).

experimilk the Firebug (DrFE)                       Turns: 1237, Time: 00:05:08

Health: 0/26       AC:  5    Str: 16    XL:     3   Next: 19%
Magic:  4/6        EV: 12    Int: 17    God:
Gold:   48         SH:  0    Dex: 11    Spells: 0/6 levels left

rFire   . . .      SeeInvis .   d - +0 dagger
rCold   . . .      Faith    .   (no shield)
rNeg    . . .      Spirit   .   (body armour unavailable)
rPois   .          Reflect  .   (helmet restricted)
rElec   .          Harm     .   (no cloak)
rCorr   .          Rampage  .   (no gloves)
Will    .....                   (no boots)
Stlth   ++........              (no amulet)
HPRegen 0.08/turn               e - +6 ring of strength
MPRegen 0.10/turn               (no ring)

@: no status effects
A: AC +5, unfitting armour, cold-blooded
a: no special abilities


You were on level 1 of the Dungeon.
You visited 1 branch of the dungeon, and saw 2 of its levels.

You collected 48 gold pieces.

Inventory:

Hand Weapons
 d - a +0 dagger (weapon)
Missiles
 f - a throwing net
Jewellery
 e - a +6 ring of strength (left hand)
Scrolls
 c - a scroll of enchant weapon {unknown}
 g - a scroll of identify {unknown}
Potions
 a - a potion of magic
 b - a potion of heal wounds {unknown}
 h - a potion of ambrosia {unknown}


   Skills:
 - Level 1.7 Dodging
 - Level 1.7 Stealth
 + Level 2.1 Spellcasting
 + Level 1.9 Conjurations
 + Level 3.5 Fire Magic
 * Level 1.1 Poison Magic


You couldn't memorise any spells.
You knew the following spells:

 Your Spells              Type           Power      Damage    Failure   Level
a - Foxfire               Conj/Fire      44%        2x1d6     6%          1
b - Poisonous Vapours     Pois/Air       6%         N/A       22%         2
c - Conjure Flame         Conj/Fire      11%        6-21      19%         3

Your spell library contained the following spells:

 Spells                   Type           Power      Damage    Failure   Level
 Scorch                   Fire           26%        2d6       7%          2
 Sting                    Tmut/Pois      12%        1d3       16%         1
 Ensorcelled Hibernation  Hex/Ice        2%         N/A       28%         2
 Passwall                 Tmut/Erth      0%         N/A       28%         2
 Inner Flame              Hex/Fire       7%         N/A       28%         3
 Swiftness                Air            1%         N/A       50%         3
 Flame Wave               Conj/Fire      11%        2d6       52%         4
 Olgreb's Toxic Radiance  Pois           5%         N/A       75%         4


Dungeon Overview and Level Annotations

Branches:
Dungeon (2/15)

Altars:

Shops:
D:1 [


Innate Abilities, Weirdness & Mutations

Your plain brown scales are hard. (AC +5)
You cannot fit into any form of body armour.
You are cold-blooded and may be slowed by cold attacks.


Message History

You feel sick.
Casting: Foxfire (safe; 6% risk of failure)
Confirm with . or Enter, or press ? or * to list all spells.
You conjure some foxfire!
You feel sick.
You are no longer poisoned.
The adder closely misses you.
Your foxfire dissipates!
The adder closely misses you.
There is an entrance to Zaets's Antique Armour Shoppe here.
The adder attacks as you move away! The adder bites you.
You are poisoned.
The adder poisons you!
You feel sick.
Casting: Foxfire (safe; 6% risk of failure)
Confirm with . or Enter, or press ? or * to list all spells.
You miscast Foxfire.
You are very lightly contaminated with residual magic.
Nothing appears to happen.
You feel sick. The adder bites you but does no damage.
Unknown command.
You feel sick. The adder bites you.
* * * LOW HITPOINT WARNING * * *
You feel sick.
There is an open door here.
You feel sick.
You closely miss the adder.
You feel sick.
You are no longer poisoned.
The adder bites you.
* * * LOW HITPOINT WARNING * * *
The adder bites you but does no damage.
You hit the adder.
Your tail-slap misses the adder.
The adder is lightly wounded.
The adder barely misses you.
You hit the adder but do no damage. You tail-slap the adder.
The adder is moderately wounded.
The adder bites you but does no damage.
Your magical contamination has completely faded away.
You miss the adder.
Your tail-slap misses the adder.
The adder is moderately wounded.
The adder bites you.
You die...

###### #....#
##########.[..#
##...[.........###
...###..###......#
.......###.....#.#
#####.####++####.#
#.+..>..∩..S@#
##############
###### .....# ###
.....# ##.# .....#
####..# .....#
#.....# .....#
###.##.## .....#
#...##.######


You could see an adder.

Vanquished Creatures
  2 dart slugs (D:1)
  A ball python (D:1)
  4 bats (D:1)
  An endoplasm (D:1)
  A giant cockroach (D:2)
  2 goblins (D:1)
  5 hobgoblins
  4 jackals (D:1)
  2 quokkas (D:1)
  2 frilled lizards (D:1)
  A kobold (D:1)
  2 rats (D:1)
27 creatures vanquished.

Vanquished Creatures (others)
  67 foxfires
  A plant (D:2)
68 creatures vanquished.

Grand Total: 95 creatures vanquished

Notes
Turn   | Place    | Note
-------+----------+-------------------------------------------
     0 | D:1      | experimilk the Draconian Fire Elementalist began the quest
                  | for the Orb.
     0 | D:1      | Reached XP level 1. HP: 14/14 MP: 3/3
   231 | D:1      | Reached XP level 2. HP: 19/20 MP: 0/5
   252 | D:1      | Learned a level 2 spell: Poisonous Vapours
   846 | D:1      | Reached skill level 1 in Poison Magic
   897 | D:1      | Reached XP level 3. HP: 26/26 MP: 1/6
  1000 | D:1      | Learned a level 3 spell: Conjure Flame
  1134 | D:1      | Found Zaets's Antique Armour Shoppe.
  1234 | D:1      | HP: 1/26 [adder (2)]
  1237 | D:1      | Slain by an adder

Illustrated notes

Levels and vault maps discovered:
D:1:      eino_arrival_water_star, layout_rooms, serial_shops,
          nicolae_shop_hallway_stairs
D:2:      cheibrodos_old_hovel, layout_basic, shapermc_ecumenical_altar_ellora,
          uniq_natasha

Skill      XL: |  1  2 |
---------------+-------+-----
Poison Magic   | 1 |  1.1
Dodging        | |  1.7
Stealth        | |  1.7
Spellcasting   | |  2.1
Conjurations   | |  1.9
Fire Magic     | |  3.5

Action                   || total
-------------------------++-------
Melee: Dagger            ||    17
       Tailslap          ||     2
       Punch             ||     1
 Cast: Foxfire           ||    45
       Conjure Flame     ||     2
Armor: Skin              ||    17
Dodge: Dodged            ||    20
